 Dungeon Sprint DCSS version 0.31-a0-121-g1e386dd289 (webtiles) character file.

Game seed: 6276418956261014113

59934 rocky1 the Axe Maniac (level 14, -2/151 HPs)
             Began as a Minotaur Fighter on May 31, 2023.
             Was the Champion of Okawaru.
             Slain by an azure jelly (39 damage)
             ... in the Dungeon (Sprint VII: "The Pits").
             The game lasted 00:23:54 (7490 turns).

rocky1 the Axe Maniac (Minotaur Fighter)            Turns: 7490, Time: 00:23:55

Health: -2/151     AC: 32    Str: 32    XL:     14   Next: 55%
Magic:  4/20       EV: 20    Int: 13    God:    Okawaru [******]
Gold:   112        SH: 15    Dex: 14    Spells: 13/13 levels left

rFire   + . .        q - +9 broad axe
rCold   . . .        k - +0 kite shield {reflect}
rNeg    . . .        r - +2 plate armour of the Jackalope {Drain Str+7 Int+2}
rPois   +            (helmet restricted)
rElec   .            E - +2 cloak
rCorr   .            b - +0 pair of gloves of the Bulwark {rF+ Int+2}
SInv    +            y - +2 pair of boots of Wasted Space {Int+4 Dex+3 Slay+2 SInv}
Will    +....        A - amulet of regeneration Stlth
                     F - ring of poison resistance
HPRegen 1.25/turn    D - +6 ring of evasion
MPRegen 0.17/turn

%: no teleportation, reflection
@: heroic, glowing
A: horns 2, retaliatory headbutt
a: Renounce Religion, Heroism, Finesse


You were in the Dungeon.
You worshipped Okawaru.
Okawaru was exalted by your worship.
You visited 1 branch You collected 112 gold pieces.

Inventory:

Hand Weapons
 c - a +6 vampiric broad axe
 o - a +1 morningstar of flaming
 q - a +9 broad axe (weapon)
 t - a +1 broad axe of freezing
 v - a +2 heavy morningstar
Missiles
 a - 2 atropa-tipped darts
 p - 7 boomerangs
 w - a throwing net
 z - 7 curare-tipped darts
 J - 10 javelins (quivered)
Armour
 b - the +0 pair of gloves of the Bulwark (worn) {rF+ Int+2}
   (You acquired it in the Dungeon)

   Int:       It affects your intelligence (+2).
   rF:        It protects you from fire.
 k - a +0 kite shield of reflection (worn)
 r - the +2 plate armour of the Jackalope (worn) {Drain Str+7 Int+2}
   (You found it in the Dungeon)

   Str:       It affects your strength (+7).
   Int:       It affects your intelligence (+2).
   Drain:     It drains your maximum health when unequipped.
 y - the +2 pair of boots of Wasted Space (worn) {Int+4 Dex+3 Slay+2 SInv}
   (Okawaru gifted it to you in the Dungeon)

   Int:       It affects your intelligence (+4).
   Dex:       It affects your dexterity (+3).
   Slay:      It affects your accuracy & damage with ranged weapons and melee
   (+2).
   SInv:      It lets you see invisible.
 E - a +2 cloak (worn)
Jewellery
 A - an amulet of regeneration (around neck)
 D - a +6 ring of evasion (right hand)
 F - a ring of poison resistance (left hand)
Wands
 x - a wand of digging (7)
 H - a wand of acid (13)
 K - a wand of mindburst (3)
 O - a wand of polymorph (2)
Scrolls
 j - 2 scrolls of blinking
 l - 5 scrolls of amnesia
 m - a scroll of fear
 n - 4 scrolls of fog
 C - 5 scrolls of enchant armour
Potions
 d - 3 potions of might
 e - 7 potions of curing
 f - 12 potions of heal wounds
 g - 4 potions of haste
 h - 4 potions of magic
 i - 5 potions of berserk rage
 s - a potion of brilliance
 B - 3 potions of resistance


   Skills:
 + Level 21.0(26.0) Fighting
 O Level 27 Axes
 * Level 17.6(27) Maces & Flails
 * Level 10.0(15.0) Throwing
 + Level 18.5(23.5) Armour
 + Level 8.0(13.0) Dodging
 - Level 2.1(7.1) Stealth
 + Level 15.7(20.7) Shields
 - Level 10.2 Invocations
 * Level 8.4 Evocations


You had 13 spell levels left.
You didn't know any spells.
Your spell library contained the following spells:

 Spells                   Type           Power      Damage    Failure   Level
 Ensorcelled Hibernation  Hex/Ice        0%         N/A       86%         2
 Spider Form              Tmut/Pois      0%         N/A       98%         3
 Anguish                  Hex/Necr       0%         N/A       100%        4
 Borgnjor's Revivificati  Necr           0%         N/A       100%        8
 Necromutation            Tmut/Necr      0%         N/A       100%        8
 Death's Door             Necr           0%         N/A       100%        9


Dungeon Overview and Level Annotations

Branches:
Dungeon (1/1)

Altars:
Ashenzari
Cheibriados
Dithmenos
Elyvilon
Fedhas
Gozag
Hepliaklqana
Kikubaaqudgha
Makhleb
Nemelex Xobeh
Okawaru
Qazlal
Ru
Sif Muna
Trog
Uskayaw
Vehumet
Wu Jian
Xom
Yredelemnul
Zin
The Shining One
Jiyva
Lugonu

Annotations:
D Ilsuiw


Innate Abilities, Weirdness & Mutations

You have a pair of horns on your head.
You reflexively headbutt those who attack you in melee.


Message History

The cyan ugly thing trunk-slaps you but does no damage.
You block the merfolk impaler's attack.
You slice the ghoul!!
You destroy the ghoul!
Okawaru accepts your kill.
You slice the cyan ugly thing!! You block the merfolk impaler's attack.
You block the black draconian's attack.
Unknown command.
You slash the death knight! You headbutt the death knight!!
The death knight is moderately wounded.
You hit the cyan ugly thing. You block the cyan ugly thing's attack.
You block the merfolk impaler's attack.
You slash the death knight!
The death knight is heavily wounded.
You slash the cyan ugly thing! The black draconian closely misses you.
The merfolk impaler hits you but does no damage.
The death knight invokes the aid of Yredelemnul against you.
Your body is wracked with pain!
The cyan ugly thing completely misses you.
You slash the death knight! You headbutt the death knight.
The death knight is severely wounded.
You slice the cyan ugly thing!!
You kill the cyan ugly thing!
Okawaru accepts your kill.
Ilsuiw mumbles some strange words.
Ilsuiw blinks!
You block the merfolk impaler's attack.
The black draconian breathes lightning at you.
The bolt of lightning hits you!
* * * LOW HITPOINT WARNING * * *
The death knight invokes the aid of Yredelemnul against you.
Your body is wracked with pain!
* * * LOW HITPOINT WARNING * * *
The necromancer mumbles some strange words.
The necromancer binds the souls of nearby monsters.
Your base Fighting skill increases to level 21!
Your base Throwing skill increases to level 10!
You feel much better. The azure jelly hits you.
* * * LOW HITPOINT WARNING * * *
The azure jelly freezes you!!!
You die... ....#..+ .?.##..+ ..##..# ###..## ## # ......# ...#### ####.. ...##.# ......n AmZ... ##....# .....oo##dZp... ...##.# ....xdJp)muoZm.

......# ####@)#### ##### ###))##
####....)...#### #....
[)##))####......##......#####....
[))##))+........)..........)'?.#.
[.))#).+..............))...)'?...
#############################....
#######################..#.
#....................++....
#....................++....


You could see Ilsuiw (soul bound), an angel, a black draconian (soul bound,
catching breath), a purple draconian (soul bound), an azure jelly (soul bound),
a death knight (soul bound), 2 merfolk impalers, a cyan ugly thing (soul bound),
a necromancer, 2 orc warriors, a small abomination, a necrophage, an orc (soul
bound), a bat zombie, a quokka zombie and a ball python skeleton.

Vanquished Creatures
  Margery (D)
  A profane servitor (D)
  An Executioner (D)
  A shadow dragon (D)
  A storm dragon (D)
  2 nagarajas (D)
  A draconian knight (D)
  A fire giant (D)
  A ghost moth (D)
  2 ghouls (D)
  2 orc warlords (D)
  An apis (D)
  A black draconian (D)
  A purple draconian (D)
  A deep elf annihilator (D)
  A yellow draconian (D)
  2 deep elf death magi (D)
  Harold (D)
  A spriggan air mage (D)
  A great orb of eyes (D)
  A deep elf high priest (D)
  An ice dragon (D)
  A vault guard (D)
  An anaconda (D)
  A merfolk aquamancer (D)
  3 boulder beetles (D)
  4 death yaks (D)
  3 naga warriors (D)
  An alligator (D)
  2 deep elf knights (D)
  Urug (D)
  7 hell knights (D)
  Sonja (D)
  2 sixfirhies (D)
  A shadow wraith (D)
  A fire crab (D)
  A sea snake (D)
  2 deep trolls (D)
  2 bog bodies (D)
  A phantasmal warrior (D)
  13 orc knights (D)
  A lindwurm (D)
  2 deep elf zephyrmancers (D)
  An orc sorcerer (D)
  3 manticores (D)
  A cyclops (D)
  An ugly thing (D)
  A merfolk siren (D)
  2 rust devils (D)
  A smoke demon (D)
  A black mamba (D)
  2 eyes of devastation (D)
  A gargoyle (D)
  A rime drake (D)
  A yaktaur (D)
  An efreet (D)
  4 ice devils (D)
  A komodo dragon (D)
  A merfolk (D)
  A tormentor (D)
  A guardian mummy (D)
  2 wandering mushrooms (D)
  A polar bear (D)
  A hornet (D)
  A wind drake (D)
  A snapping turtle (D)
  2 spriggans (D)
  A vampire (D)
  4 water elementals (D)
  5 air elementals (D)
  A jumping spider (D)
  A basilisk (D)
  A golden eye (D)
  A warg (D)
  6 vampire mosquitoes (D)
  4 redbacks (D)
  A steam dragon (D)
  Menkaure (D)
  Edmund (D)
  A large abomination (D)
  An acid dragon (D)
  2 small abominations (D)
  Pargi (D)
  A water moccasin (D)
  A floating eye (D)
  An orc warrior (D)
  A centaur (D)
  An ogre (D)
  An earth elemental (D)
  A bullfrog (D)
  A scorpion (D)
  A quasit (D)
  3 orc priests (D)
  An iguana (D)
  Jessica (D)
  A hell rat (D)
  An orc wizard (D)
  A mummy (D)
  An adder (D)
  2 river rats (D)
  An ufetubus (D)
  An adder zombie (D)
  7 orcs (D)
  A bat skeleton (D)
  2 endoplasms (D)
  A goblin (D)
  7 jackals (D)
  A quokka (D)
  A kobold (D)
  A rat (D)
185 creatures vanquished.

Vanquished Creatures (others)
  A basilisk (D)
1 creature vanquished.

Grand Total: 186 creatures vanquished

Notes
Turn   | Place    | Note
-------+----------+-------------------------------------------
     0 | D        | rocky1 the Minotaur Fighter began the quest for the Orb.
     0 | D        | Reached XP level 1. HP: 19/19 MP: 0/0
    69 | D        | Found a bloodstained altar of Trog.
    69 | D        | Found a shimmering blue altar of Sif Muna.
    69 | D        | Found a viscous altar of Jiyva.
    69 | D        | Found a hazy altar of Hepliaklqana.
    69 | D        | Found an opulent altar of Gozag.
    70 | D        | Found a glowing golden altar of the Shining One.
    70 | D        | Found a glowing silver altar of Zin.
    70 | D        | Found a basalt altar of Yredelemnul.
    70 | D        | Found a shimmering altar of Xom.
    70 | D        | Found an ornate altar of the Wu Jian Council.
    70 | D        | Found a sacrificial altar of Ru.
    70 | D        | Found a stormy altar of Qazlal.
    70 | D        | Found an iron altar of Okawaru.
    70 | D        | Found a sparkling altar of Nemelex Xobeh.
    70 | D        | Found a burning altar of Makhleb.
    70 | D        | Found a blossoming altar of Fedhas.
    70 | D        | Found a white marble altar of Elyvilon.
    70 | D        | Found a shadowy altar of Dithmenos.
    70 | D        | Found a snail-covered altar of Cheibriados.
    73 | D        | Found a corrupted altar of Lugonu.
    73 | D        | Found a radiant altar of Vehumet.
    74 | D        | Found an ancient bone altar of Kikubaaqudgha.
    74 | D        | Found a hide-covered altar of Uskayaw.
    74 | D        | Found a broken altar of Ashenzari.
    80 | D        | Became a worshipper of Warmaster Okawaru
    91 | D        | Noticed a floating eye
    94 | D        | Killed a floating eye
    94 | D        | Reached * piety under Okawaru
    95 | D        | Reached skill level 5 in Axes
    95 | D        | Reached skill level 1 in Dodging
    95 | D        | Reached XP level 2. HP: 30/30 MP: 1/1
    95 | D        | Reached XP level 3. HP: 37/37 MP: 2/2
    95 | D        | Reached XP level 4. HP: 44/44 MP: 3/3
   212 | D        | Reached skill level 6 in Axes
   282 | D        | Noticed Pargi
   282 | D        | Noticed a bullfrog
   283 | D        | Noticed an ogre
   288 | D        | Noticed Edmund
   298 | D        | Killed Pargi
   299 | D        | Reached skill level 7 in Axes
   299 | D        | Reached XP level 5. HP: 52/52 MP: 4/4
   305 | D        | Reached skill level 8 in Axes
   305 | D        | Reached XP level 6. HP: 61/61 MP: 5/5
   314 | D        | Reached skill level 9 in Axes
   326 | D        | Killed Edmund
   326 | D        | Reached ** piety under Okawaru
   327 | D        | Reached skill level 10 in Axes
   345 | D        | Noticed Jessica
   346 | D        | Killed Jessica
   347 | D        | Reached skill level 1 in Stealth
   347 | D        | Reached XP level 7. HP: 49/69 MP: 6/6
  1075 | D        | Reached skill level 11 in Axes
  1303 | D        | Noticed Menkaure
  1315 | D        | Killed Menkaure
  1316 | D        | Reached skill level 10 in Armour
  1598 | D        | Noticed a redback
  1598 | D        | Noticed a boulder beetle
  1611 | D        | Killed a redback
  1612 | D        | Reached skill level 12 in Axes
  1612 | D        | Reached skill level 1 in Maces & Flails
  1820 | D        | Killed a boulder beetle
  1821 | D        | Reached skill level 13 in Axes
  1821 | D        | Reached skill level 1 in Throwing
  1821 | D        | Reached XP level 8. HP: 18/79 MP: 7/9
  2014 | D        | Noticed a boulder beetle
  2019 | D        | Reached *** piety under Okawaru
  2020 | D        | Reached skill level 10 in Fighting
  2021 | D        | Reached skill level 14 in Axes
  2038 | D        | Killed a boulder beetle
  2038 | D        | Reached **** piety under Okawaru
  2039 | D        | Reached skill level 15 in Axes
  2039 | D        | Reached skill level 5 in Maces & Flails
  2039 | D        | Reached skill level 5 in Dodging
  2039 | D        | Reached skill level 5 in Invocations
  2039 | D        | Reached XP level 9. HP: 21/86 MP: 11/11
  2446 | D        | Noticed an eye of devastation
  2446 | D        | Noticed a bog body
  2455 | D        | Killed a bog body
  2456 | D        | Reached skill level 16 in Axes
  2458 | D        | Killed an eye of devastation
  2458 | D        | Reached ***** piety under Okawaru
  2624 | D        | Noticed a polar bear
  2625 | D        | Noticed a fire crab
  2630 | D        | Killed a polar bear
  2632 | D        | Killed a fire crab
  2633 | D        | Reached skill level 17 in Axes
  2633 | D        | Reached XP level 10. HP: 68/95 MP: 13/13
  2822 | D        | Noticed a phantasmal warrior
  2824 | D        | Noticed Harold
  2835 | D        | Killed a phantasmal warrior
  2836 | D        | Reached skill level 10 in Shields
  2847 | D        | Killed Harold
  2848 | D        | Reached skill level 18 in Axes
  2947 | D        | Noticed a sixfirhy
  2947 | D        | Noticed a manticore
  2955 | D        | Killed a sixfirhy
  2955 | D        | Identified the +2 pair of boots of Wasted Space {Int+4
                  | Dex+3 Slay+2 SInv} (Okawaru gifted it to you in the
                  | Dungeon)
  2955 | D        | Received a gift from Okawaru
  2962 | D        | Killed a manticore
  2963 | D        | Reached skill level 19 in Axes
  3128 | D        | Noticed a boulder beetle
  3137 | D        | Killed a boulder beetle
  3174 | D        | Noticed a bog body
  3180 | D        | Killed a bog body
  3190 | D        | Noticed a lindwurm
  3190 | D        | Noticed a manticore
  3196 | D        | Killed a lindwurm
  3197 | D        | Reached XP level 11. HP: 72/105 MP: 13/16
  3206 | D        | Reached skill level 20 in Axes
  3406 | D        | Noticed Sonja
  3406 | D        | Noticed a deep elf zephyrmancer
  3410 | D        | Killed Sonja
  3419 | D        | Killed a deep elf zephyrmancer
  3421 | D        | Noticed a death yak
  3428 | D        | Killed a death yak
  3429 | D        | Reached skill level 10 in Maces & Flails
  3840 | D        | Noticed a death yak
  3848 | D        | Killed a death yak
  3849 | D        | Reached skill level 21 in Axes
  3886 | D        | Reached ****** piety under Okawaru
  3955 | D        | Paralysed by an air elemental for 1 turns
  3964 | D        | Received a gift from Okawaru
  4257 | D        | Reached skill level 15 in Armour
  4588 | D        | Noticed an orc sorcerer
  4595 | D        | Killed an orc sorcerer
  4596 | D        | Reached skill level 10 in Invocations
  4606 | D        | Noticed a deep troll
  4611 | D        | Killed a deep troll
  4612 | D        | Reached XP level 12. HP: 61/118 MP: 18/18
  5077 | D        | Noticed an alligator
  5078 | D        | Paralysed by an air elemental for 1 turns
  5084 | D        | Noticed a deep elf death mage
  5090 | D        | Killed a deep elf death mage
  5091 | D        | Reached skill level 22 in Axes
  5092 | D        | Noticed a nagaraja
  5096 | D        | Reached skill level 15 in Fighting
  5097 | D        | Killed an alligator
  5108 | D        | Killed a nagaraja
  5113 | D        | Received a gift from Okawaru
  5133 | D        | Reached skill level 23 in Axes
  5141 | D        | Noticed Urug
  5152 | D        | Killed Urug
  5152 | D        | Received a gift from Okawaru
  5497 | D        | Noticed an anaconda
  5497 | D        | Noticed a black draconian
  5497 | D        | Noticed a black draconian knight
  5497 | D        | Noticed a death yak
  5497 | D        | Noticed a death yak
  5517 | D        | Killed a black draconian knight
  5523 | D        | Killed an anaconda
  5530 | D        | Killed a death yak
  5534 | D        | Killed a death yak
  5537 | D        | Reached skill level 24 in Axes
  5541 | D        | Killed a black draconian
  5542 | D        | Reached XP level 13. HP: 89/132 MP: 14/19
  5709 | D        | Noticed an orc warlord
  5710 | D        | Noticed an orc warlord
  5718 | D        | Paralysed by a great orb of eyes for 5 turns
  5727 | D        | Reached skill level 1 in Evocations
  5731 | D        | Received a gift from Okawaru
  5740 | D        | Killed an orc warlord
  5741 | D        | Reached skill level 5 in Throwing
  5745 | D        | Received a gift from Okawaru
  5749 | D        | Killed an orc warlord
  5752 | D        | Reached skill level 25 in Axes
  5771 | D        | Paralysed by an air elemental for 1 turns
  5792 | D        | Reached skill level 15 in Maces & Flails
  5802 | D        | Received a gift from Okawaru
  6013 | D        | Noticed a yellow draconian
  6031 | D        | Killed a yellow draconian
  6031 | D        | Received a gift from Okawaru
  6187 | D        | Reached skill level 5 in Evocations
  6434 | D        | Got the +2 plate armour of the Jackalope {Drain Str+7
                  | Int+2}
  6540 | D        | Upgraded the game from 0.31-a0-117-g42d8f58691 to
                  | 0.31-a0-121-g1e386dd289
  6553 | D        | Acquired the +0 pair of gloves of the Bulwark {rF+ Int+2}
  6621 | D        | Noticed a deep elf death mage
  6627 | D        | Killed a deep elf death mage
  6628 | D        | Reached skill level 26 in Axes
  6628 | D        | Received a gift from Okawaru
  6638 | D        | Paralysed by an air elemental for 1 turns
  6642 | D        | Paralysed by an air elemental for 1 turns
  6650 | D        | Identified the +2 hand axe of Breach {heavy, Fly rN+}
                  | (Okawaru gifted it to you in the Dungeon)
  6650 | D        | Received a gift from Okawaru
  6660 | D        | Noticed a profane servitor
  6680 | D        | Killed a profane servitor
  6972 | D        | Noticed a fire giant
  6972 | D        | Noticed a shadow dragon
  6985 | D        | Killed a fire giant
  6986 | D        | Reached XP level 14. HP: 147/147 MP: 12/20
  6986 | D        | Noticed an apis
  6986 | D        | Noticed a nagaraja
  6991 | D        | Noticed an Executioner
  6999 | D        | Killed an apis
  7000 | D        | Killed a nagaraja
  7004 | D        | Noticed Margery
  7011 | D        | Killed a shadow dragon
  7013 | D        | Received a gift from Okawaru
  7015 | D        | Killed an Executioner
  7025 | D        | Killed Margery
  7025 | D        | Identified the +7 battleaxe "Suojuh" {freeze, Str+2 Int+3}
                  | (Okawaru gifted it to you in the Dungeon)
  7025 | D        | Received a gift from Okawaru
  7026 | D        | Reached skill level 15 in Shields
  7035 | D        | Reached skill level 27 in Axes
  7351 | D        | Found the +18 Lear's hauberk
  7459 | D        | Noticed a ghoul
  7459 | D        | Noticed an angel
  7459 | D        | Noticed a ghost moth
  7462 | D        | Noticed a ghoul
  7465 | D        | Killed a ghost moth
  7467 | D        | Noticed a storm dragon
  7471 | D        | Killed a ghoul
  7476 | D        | Noticed an azure jelly
  7479 | D        | Noticed Ilsuiw
  7483 | D        | Killed a storm dragon
  7486 | D        | Killed a ghoul
  7490 | D        | Reached skill level 10 in Throwing
  7490 | D        | Slain by an azure jelly

Illustrated notes

Levels and vault maps discovered:
D:        pitsprint [storerooms_1, entrance_room_1, metal_vault_8, armoury_2,
          mini_pit_1, grid_room_1, main_hall_1, silver_pit, the_coven_3,
          the_vestibule_1, steel_vault_1, golden_pit, hallway_of_sentries,
          crystal_vault_2, iron_vault_4, final_vault]

Skill      XL: |  1  2  3  4  5  6  7  8  9 10 11 12 13 14 |
---------------+-------------------------------------------+-----
Armour         | 6 7 8 9 10 11 12 13 15 16 17 18 | 18.5
Fighting       | 6 7 8 9 10 11 12 14 17 19 21 | 21.0
Shields        | 6 7 8 9 10 11 13 14 15 | 15.7
Axes           | 5 7 8 10 13 15 17 19 21 24 26 27 | 27.0
Dodging        | 1 2 3 4 5 6 7 8 |  8.0
Stealth        | 1 2 |  2.1
Invocations    | 3 5 6 8 10 | 10.2
Maces & Flails | 3 5 7 9 11 14 16 17 | 17.6
Throwing       | 1 2 3 7 10 | 10.0
Evocations     | 6 8 |  8.4

Action                     |  1- 3 |  4- 6 |  7- 9 | 10-12 | 13-15 || total
---------------------------+-------+-------+-------+-------+-------++-------
  Melee: War axe           |    19 |    49 |    31 |       |       ||    99
         Headbutt          |     2 |     5 |    27 |    54 |    50 ||   138
         Broad axe         |       |       |    64 |   275 |   214 ||   553
  Throw: Boomerang         |       |       |     4 |     5 |     7 ||    16
         Javelin           |       |       |       |       |     2 ||     2
 Invoke: Heroism           |       |       |       |     4 |     3 ||     7
         Finesse           |       |       |       |     2 |     2 ||     4
    Use: Potion            |       |     6 |     2 |     4 |    13 ||    25
         Scroll            |       |       |       |       |     6 ||     6
   Stab: Invisible         |       |     4 |       |       |    14 ||    18
 Armour: Scale mail        |    14 |     5 |       |    16 |    16 ||    51
         Chain mail        |       |    19 |     5 |       |       ||    24
         Plate armour      |       |       |    29 |   100 |    67 ||   196
  Dodge: Dodged            |     9 |    21 |    29 |    80 |   118 ||   257
  Block: Buckler           |    11 |    17 |    14 |    65 |    29 ||   136
         Reflection        |       |       |       |     1 |     2 ||     3
         Kite shield       |       |       |       |       |    74 ||    74

Table legend: (Time is in decaauts)
 A = Elapsed time spent in this place.
 B = Non-inter-level travel time spent in this place.
 C = Inter-level travel time spent in this place.
 D = Time resting spent in this place.
 E = Time spent auto-exploring this place.
 F = Levels seen in this place.
 G = Mean time per level.
                   A        B        C        D        E       F      G
               +--------+--------+--------+--------+--------+-----+--------+
         Total |   7304 |   7202 |    102 |   5043 |      0 |   1 | 7304.0 |
       Dungeon |   7304 |   7202 |    102 |   5043 |      0 |   1 | 7304.0 |
               +--------+--------+--------+--------+--------+-----+--------+

Top non-repeatable levels by time:
       D: 7304 daAuts
